AoeStats
← patjanko

Black Forest

504060243Analyzed
2v2 RM · 28d ago on Sep 3, 2026· 50m 42s· 4 players
Game mode
Random Map
Map size
Medium (4 player)
Population
200
Speed
Normal
Resources
Standard
Victory
Conquest
Starting age
Dark Age
Ending age
Imperial Age
RankedLock teamsTeams togetherTeam positionsShared explorationLock speedFull tech treeHidden civsTurbo modeCheats
Victory
Defeat
🇨🇱 Cumans · Chile
838
+17
🇪🇸 Romans · Spain
834
+18
🇩🇪 Teutons · Germany
869
-18
🇩🇪 Persians · Germany
867
-17
guerras90
10:59 Feudal Age
17:17 Castle Age
15:56 Horse Collar
16:04 Double-Bit Axe
16:19 Man-at-Arms
17:19 Gold Mining
18:05 Scale Mail Armor
18:15 Long Swordsman
21:52 Chain Mail Armor
24:24 Forging
26:46 Stone Mining
33:58 Imperial Age
33:03 Heavy Plow
34:04 Iron Casting
33:20 Fletching
33:30 Murder Holes
33:56 Ballistics
34:45 Gold Shaft Mining
35:09 Legionary
35:50 Squires
38:42 Wheelbarrow
37:53 Loom
40:39 Pikeman
43:11 Blast Furnace
46:34 Comitatenses
47:48 Scale Barding Armor
47:39 Bodkin Arrow
47:14 Halberdier
Otakucho
1:44 Loom
13:55 Feudal Age
15:59 Horse Collar
23:45 Castle Age
23:51 Wheelbarrow
23:11 Double-Bit Axe
28:28 Hand Cart
28:11 Fletching
28:30 Scale Barding Armor
27:50 Pikeman
28:31 Squires
30:20 Bow Saw
34:50 Imperial Age
34:51 Gold Mining
34:55 Stone Mining
35:34 Bodkin Arrow
36:00 Chain Barding Armor
36:51 Gold Shaft Mining
36:20 Heavy Plow
37:37 Conscription
38:28 Conscription
38:52 Ballistics
38:01 Elite Kipchak
38:41 Light Cavalry
41:05 Cavalier
44:48 Caravan
46:02 Bloodlines
46:11 Forging
46:37 Plate Barding Armor
46:05 Padded Archer Armor
46:21 Paladin
47:52 Steppe Husbandry
laQ
0:33 Loom
14:50 Feudal Age
17:31 Wheelbarrow
21:03 Castle Age
19:14 Double-Bit Axe
20:18 Stone Mining
20:49 Horse Collar
26:58 Heavy Plow
29:22 Bow Saw
30:41 Hand Cart
31:20 Stone Shaft Mining
30:36 Gold Mining
31:50 Scale Mail Armor
33:58 Forging
34:11 Elite Skirmisher
39:54 Imperial Age
38:19 Fortified Wall
38:00 Heated Shot
38:54 Ironclad
40:55 Bloodlines
44:51 Iron Casting
44:32 Chain Mail Armor
44:18 Padded Archer Armor
44:23 Scale Barding Armor
45:23 Chemistry
44:32 Elite Teutonic Knight
45:34 Conscription
45:04 Cavalier
50:06 Squires
49:27 Pikeman
patjanko
1:08 Loom
12:02 Feudal Age
14:50 Town Watch
20:28 Castle Age
18:48 Horse Collar
19:02 Double-Bit Axe
20:14 Gold Mining
20:15 Stone Mining
26:30 Wheelbarrow
30:53 Imperial Age
32:14 Crossbowman
33:02 Thumb Ring
33:26 Heavy Plow
33:40 Bow Saw
33:50 Citadels
34:01 Conscription
34:42 Kamandaran
38:03 Hand Cart
39:41 Two-Man Saw
39:14 Crop Rotation
38:56 Town Patrol
41:20 Padded Archer Armor
41:11 Fletching
Connection lost

Rejoining the realm…

Still unreachable

The connection could not be restored.

Session expired

The server has moved on; the page needs a fresh start.